 Dungeon Crawl Stone Soup version 0.25-a0-365-g7600c65aa0 (webtiles) character file.

Game seed: 10596417521207061426, levelgen mode: deterministic

60 Inarius the Skirmisher (level 3, -1/30 HPs)
             Began as a Demonspawn Abyssal Knight on Jan 5, 2020.
             Was a Follower of Lugonu.
             Slain by Grinder (5 damage)
             ... on level 3 of the Dungeon.
             The game lasted 00:03:36 (2584 turns).

Inarius the Skirmisher (Demonspawn Abyssal Knight)  Turns: 2584, Time: 00:03:37

Health: -1/30      AC:  7    Str: 13    XL:     3   Next: 80%
Magic:  5/5        EV: 10    Int: 13    God:    Lugonu [*.....]
Gold:   88         SH:  0    Dex: 12    Spells: 2/2 levels left

rFire    . . .     SeeInvis .   j - +0 whip (elec)
rCold    . . .     Gourm    .   (no shield)
rNeg     . . .     Faith    .   r - +0 ring mail
rPois    .         Spirit   .   (no helmet)
rElec    .         Reflect  .   (no cloak)
rCorr    +         Harm     .   s - +0 pair of gloves
MR       .....                  (no boots)
Stlth    ++........             (no amulet)
HPRegen  0.10/turn              n - ring of stealth
MPRegen  0.09/turn              p - ring of resist corrosion (curse)

@: no status effects
A: claws 1, rugged brown scales 1
a: Depart the Abyss, Renounce Religion


You were on level 3 of the Dungeon.
You worshipped Lugonu.
Lugonu was aware of your devotion.
You were not hungry.

You visited 1 branch of the dungeon, and saw 3 of its levels.
You visited the Abyss 1 time.

You collected 88 gold pieces.

Inventory:

Hand Weapons
 a - a +1 hand axe
 j - a +0 whip of electrocution (weapon)
Missiles
 f - 6 silver javelins (quivered)
Armour
 b - a +0 leather armour
 r - a +0 ring mail (worn)
 s - a +0 pair of gloves (worn)
Jewellery
 n - a ring of stealth (left hand)
 p - a cursed ring of resist corrosion (right hand)
Scrolls
 d - 2 scrolls of teleportation {unknown}
 h - a scroll of remove curse {unknown}
 k - a scroll of fog {unknown}
 l - a scroll of blinking {unknown}
 o - a scroll of enchant armour {unknown}
 q - a scroll of fear {unknown}
 u - a scroll of amnesia {unknown}
 v - a scroll of identify {unknown}
Potions
 g - a potion of berserk rage {unknown}
 i - a potion of might {unknown}
 m - a potion of magic
Miscellaneous
 e - a sack of spiders
Comestibles
 c - 8 rations
 t - 3 chunks of flesh


   Skills:
 + Level 3.6 Fighting
 - Level 2.3 Axes
 + Level 2.3 Armour
 - Level 0.8 Dodging
 * Level 0.3 Unarmed Combat
 + Level 2.8 Invocations
 * Level 1.0 Evocations


You had 2 spell levels left.
You didn't know any spells.
Your spell library was empty.

Dungeon Overview and Level Annotations

Branches:
Dungeon (3/15)

Altars:

Annotations:
D:3 Grinder


Innate Abilities, Weirdness & Mutations

You have sharp fingernails.
You are partially covered in rugged brown scales. (AC +1, +3% HP)


Message History

Unknown command.
You are too injured to fight recklessly!
Unknown command.
Your ring mail prevents you from hitting Grinder.
Grinder is moderately wounded.
The gnoll hits you but does no damage.
Your worker ant closely misses Grinder.
A gnoll comes into view. It is wielding a +0 halberd.
Your soldier ant stings Grinder but does no damage.
Grinder hits you!
* * * LOW HITPOINT WARNING * * *
You writhe in agony.
* * * LOW HITPOINT WARNING * * *
Unknown command.
It was a potion of magic.
Magic courses through your body.
Your worker ant closely misses Grinder.
The gnoll closely misses you.
Your soldier ant closely misses Grinder.
Grinder hits you.
* * * LOW HITPOINT WARNING * * *
You writhe in agony.
You die...

...# #<.. ......###
....##..# .#
.........#####......S.# g#
...."............##.†.# .#
................###5.##.###
##...##..........##....>..#
#...............g##..g....#
#...........a..g.....g...$#
##...........@5g.#.........#
.............a...###o.<....#
.#.....<.÷.......# #.......#
#..............^# ###.....#
#........#........ #.....#
####..#...........# ###....#
##..%#........... #.#...
#...#......!..## .....
#...#........ %....


You could see Grinder, 3 gnolls, a friendly soldier ant and a friendly worker
ant.

Vanquished Creatures
  An ooze (D:1)
  2 dart slugs
  5 giant cockroaches
  7 hobgoblins
  3 jackals (D:1)
  6 kobolds (D:1)
  A quokka (D:2)
  3 bats
  3 frilled lizards
  9 goblins
  4 rats
44 creatures vanquished.

Vanquished Creatures (collateral kills)
  A frilled lizard (D:1)
1 creature vanquished.

Grand Total: 45 creatures vanquished

Notes
Turn   | Place    | Note
-------+----------+-------------------------------------------
     0 | Abyss:1  | Inarius the Demonspawn Abyssal Knight began the quest for
                  | the Orb.
     0 | Abyss:1  | Reached XP level 1. HP: 18/18 MP: 2/2
    28 | Abyss:2  | Noticed an ice beast
    31 | Abyss:2  | Noticed a hellwing
    31 | Abyss:2  | Noticed a smoke demon
    32 | Abyss:2  | Noticed a hellwing
    32 | Abyss:2  | Noticed a smoke demon
    40 | D:1      | Escaped the Abyss
   386 | D:1      | Gained mutation: You are partially covered in rugged brown
                  | scales. (AC +1, +3% HP) [demonic ancestry]
   386 | D:1      | Reached XP level 2. HP: 16/24 MP: 3/3
   645 | D:1      | Reached * piety under Lugonu
  1213 | D:1      | Gained mutation: You have sharp fingernails. [demonic
                  | ancestry]
  1213 | D:1      | Reached XP level 3. HP: 29/29 MP: 5/5
  2479 | D:3      | Noticed Grinder
  2487 | D:3      | Reached skill level 1 in Evocations
  2584 | D:3      | Slain by Grinder

Levels and vault maps discovered:
D:1:      dpeg_arrival_rooms_with_view, layout_loops_corners
D:2:      layout_basic, chequers_serial_rivers_room_b
D:3:      layout_rooms, first_ration, uniq_natasha, uniq_grinder

Skill      XL: |  1  2  3 |
---------------+----------+-----
Axes           | 2 |  2.3
Armour         | 2 |  2.3
Evocations     | 1 |  1.0
Fighting       | |  3.6
Dodging        | |  0.8
Unarmed Combat | |  0.3
Invocations    | |  2.8

Action                   || total
-------------------------++-------
Melee: Hand axe          ||    62
       Whip              ||   108
Invok: Depart the Abyss  ||     1
Evoke: Sack of spiders   ||     4
  Use: Potion            ||     1
 Stab: Sleeping          ||     1
  Eat: Chunk             ||     5
Armor: Leather armour    ||    30
       Ring mail         ||    21
Dodge: Dodged            ||    97

Table legend:
 A = Non-vault XP
 B = Vault XP
 C = Vault XP percentage of total XP
 D = Non-vault monster count
 E = Vault monster count
 F = Vault count percentage of total count
                 A         B        C        D         E       F
            +---------+---------+-------+---------+---------+-------
      Total |      83 |       3 |   3.5 |      43 |       2 |   4.4
            +---------+---------+-------+---------+---------+-------
        D:1 |      58 |       3 |   4.9 |      30 |       2 |   6.2
        D:2 |      20 |       0 |   0.0 |      10 |       0 |   0.0
        D:3 |       5 |       0 |   0.0 |       3 |       0 |   0.0
            +---------+---------+-------+---------+---------+-------
